 Dungeon Crawl Stone Soup version 0.28-a0-1594-ga885d4b3d6 (webtiles) character file.

Game seed: 1059668940698415722

56 blank1 the Shield-Bearer (level 3, 0/33 HPs)
             Began as a Minotaur Fighter on Jan 21, 2022.
             Slain by a gnoll (5 damage)
             ... on level 2 of the Dungeon.
             The game lasted 00:02:34 (1433 turns).

blank1 the Shield-Bearer (Minotaur Fighter)         Turns: 1433, Time: 00:02:35

Health: 0/33       AC:  9    Str: 22    XL:     3   Next: 69%
Magic:  2/2        EV: 10    Int:  5    God:
Gold:   64         SH:  4    Dex:  9    Spells: 2/2 levels left

rFire   . . .      SeeInvis .   a - +0 flail
rCold   . . .      Faith    .   c - +0 buckler
rNeg    . . .      Spirit   .   b - +0 scale mail
rPois   .          Reflect  .   (helmet restricted)
rElec   .          Harm     .   k - +0 cloak
rCorr   .          Rampage  .   f - +0 pair of gloves
Will    .....                   (no boots)
Stlth   ..........              (no amulet)
HPRegen 0.11/turn               (no ring)
MPRegen 0.08/turn               (no ring)

@: no status effects
A: horns 2, retaliatory headbutt
a: no special abilities


You were on level 2 of the Dungeon.
You visited 1 branch of the dungeon, and saw 2 of its levels.

You collected 64 gold pieces.

Inventory:

Hand Weapons
 a - a +0 flail (weapon)
Armour
 b - a +0 scale mail (worn)
 c - a +0 buckler (worn)
 f - a +0 pair of gloves (worn)
 k - a +0 cloak (worn)
 m - a +0 kite shield
Scrolls
 g - a scroll of teleportation {unknown}
 i - a scroll of vulnerability {unknown}
 l - a scroll of identify {unknown}
Potions
 d - a potion of might
 e - 2 potions of heal wounds {unknown}
 h - a potion of lignification {unknown}
 j - 2 potions of curing {unknown}


   Skills:
 - Level 4.0 Fighting
 + Level 3.3 Maces & Flails
 - Level 4.0 Armour
 + Level 1.9 Dodging
 - Level 4.0 Shields


You had 2 spell levels left.
You didn't know any spells.
Your spell library contained the following spells:

 Spells                   Type           Power      Damage    Failure   Level
 Petrify                  Tmut/Erth      0%         N/A       100%        4
 Metabolic Englaciation   Hex/Ice        0%         N/A       100%        5
 Statue Form              Tmut/Erth      0%         N/A       100%        6


Dungeon Overview and Level Annotations

Branches:
Dungeon (2/15)

Altars:


Innate Abilities, Weirdness & Mutations

You have a pair of horns on your head.
You reflexively headbutt those who attack you in melee.


Message History

You hit the giant cockroach.
You kill the giant cockroach!
No target in view!
No target in view!
There is a large open door here.
You see here a giant cockroach corpse.
There is an escape hatch in the ceiling here.
There is a stone staircase leading down here.
A gnoll comes into view. It is wielding a +0 halberd.
The gnoll shouts!
A gnoll is nearby!
A gnoll is nearby!
A gnoll is nearby!
There is a stone staircase leading down here.
The gnoll hits you from afar with a +0 halberd!
The gnoll barely misses you.
You closely miss the gnoll. The gnoll barely misses you.
You hit the gnoll. Your headbutt misses the gnoll.
The gnoll is moderately wounded.
The gnoll hits you with a +0 halberd.
You hit the gnoll but do no damage.
The gnoll is moderately wounded.
The gnoll hits you but does no damage. The gnoll hits you with a +0 halberd.
You closely miss the gnoll.
The gnoll is moderately wounded.
The gnoll hits you but does no damage.
You hit the gnoll.
The gnoll is heavily wounded.
The gnoll hits you with a +0 halberd!
You hit the gnoll but do no damage.
The gnoll is heavily wounded.
The gnoll hits you but does no damage.
You closely miss the gnoll. Your headbutt misses the gnoll.
The gnoll is heavily wounded.
The gnoll hits you with a +0 halberd. x2
* * * LOW HITPOINT WARNING * * *
You closely miss the gnoll.
The gnoll is heavily wounded.
The gnoll hits you with a +0 halberd.
You die...

.......#.##...#.#
.......#.###..#.#
.......#....<.#.#
...†...####.#.#.#
.......# #.#...#
.......# #.#...#
.......# #.#...#
......##
#.#.#.#####
.....##
#.#.#>@g..#
....##
#.#.#####.# ...##
#.#.# #....#
..#########.#.#
#..#..#
####........#..
.... .#
..##.########..
##.#. #
#.##.....# ...
.... #.######.#
...# .# .# #.#
#.# .# .#


You could see a gnoll.

Vanquished Creatures
  2 adders (D:2)
  A dart slug (D:1)
  An orc (D:2)
  7 endoplasms
  3 giant cockroaches
  A goblin (D:1)
  5 hobgoblins
  2 kobolds (D:1)
  A quokka (D:1)
  A ball python (D:2)
  5 bats
  2 frilled lizards
  A rat (D:1)
32 creatures vanquished.

Notes
Turn   | Place    | Note
-------+----------+-------------------------------------------
     0 | D:1      | blank1 the Minotaur Fighter began the quest for the Orb.
     0 | D:1      | Reached XP level 1. HP: 19/19 MP: 0/0
   162 | D:1      | Reached XP level 2. HP: 25/27 MP: 1/1
   486 | D:1      | Reached skill level 1 in Dodging
  1134 | D:2      | Reached XP level 3. HP: 33/33 MP: 2/2
  1433 | D:2      | Slain by a gnoll

Illustrated notes

Levels and vault maps discovered:
D:1:      giann_wishing_wells, layout_rooms, roderic_roman_lattice,
          dk_noncrumbling_3
D:2:      kennysheep_big_flooded_room, layout_basic, minmay_surrounded

Skill      XL: |  1  2  3 |
---------------+----------+-----
Dodging        | 1 |  1.9
Shields        | 4 |  4.0
Fighting       | 4 |  4.0
Armour         | 4 |  4.0
Maces & Flails | 3 |  3.3

Action                   || total
-------------------------++-------
Melee: Flail             ||    81
       Headbutt          ||     6
Armor: Scale mail        ||    48
Dodge: Dodged            ||    44
Block: Buckler           ||    22

Table legend: (Time is in decaauts)
 A = Elapsed time spent in this place.
 B = Non-inter-level travel time spent in this place.
 C = Inter-level travel time spent in this place.
 D = Time resting spent in this place.
 E = Time spent auto-exploring this place.
 F = Levels seen in this place.
 G = Mean time per level.
                   A        B        C        D        E       F      G
               +--------+--------+--------+--------+--------+-----+--------+
         Total |   1457 |   1430 |     27 |    333 |    828 |   2 |  728.5 |
       Dungeon |   1457 |   1430 |     27 |    333 |    828 |   2 |  728.5 |
               +--------+--------+--------+--------+--------+-----+--------+

Top non-repeatable levels by time:
     D:1: 875 daAuts
     D:2: 581 daAuts
